 Dungeon Crawl Stone Soup version 0.31-a0-472-g43a2ca8e1b (webtiles) character file.

Game seed: 2801610898765664590

335 Ethylacetat the Changeling (level 6, -10/42 HPs)
             Began as an Octopode Shapeshifter on Aug 6, 2023.
             Killed by divine providence
             ... invoked by an orc priest
              (13 damage)
             ... on level 3 of the Dungeon.
             The game lasted 00:04:50 (2061 turns).

Ethylacetat the Changeling (Octopode Shapeshifter)  Turns: 2061, Time: 00:04:50

Health: -10/42     AC:  1    Str: 14    XL:     6   Next: 53%
Magic:  6/6        EV: 13    Int: 11    God:
Gold:   191        SH:  0    Dex: 14    Spells: 5/5 levels left

rFire   . .          .
                       - Unarmed
rCold   . . .        a - orb of the Wasteland {*channel, Fly rN+++}
rNeg    + + +        (helmet currently unavailable)
rPois   .            (no amulet)
rElec   .            (no ring)
rCorr   .            (no ring)
SInv    .            (no ring)
Will    .....        (no ring)
Stlth   ++           (no ring)
HPRegen 0.27/turn    (no ring)
MPRegen 0.10/turn    (no ring)
                     (no ring)

%: channel magic (20%)
@: beast-form, flying
A: beast (slay +3), almost no armour, amphibious, 8 rings, camouflage 1,
gelatinous body 1, (nimble swimmer 1), tentacles
a: Begin Untransformation


You were on level 3 of the Dungeon.
You were a hulking beast.
You visited 1 branch of the dungeon, and saw 4 of its levels.

You collected 191 gold pieces.

Inventory:

Armour
 a - the orb of the Wasteland (worn) {*channel, Fly rN+++}
   (You found it on level 3 of the Dungeon)

   rN:        It renders you almost immune to negative energy.
   Fly:       It grants you flight.
Jewellery
 i - a ring of wizardry
Talismans
 b - a beast talisman (active)
Scrolls
 c - 2 scrolls of vulnerability {unknown}
 d - a scroll of teleportation {unknown}
 e - 2 scrolls of identify {unknown}
 f - a scroll of blinking {unknown}
 g - a scroll of torment {unknown}
 h - a scroll of fear {unknown}
 j - a scroll of noise {unknown}
 k - 3 scrolls of poison {unknown}


   Skills:
 + Level 3.2 Fighting
 - Level 2.0 Dodging
 + Level 4.3 Unarmed Combat
 * Level 4.8 Shapeshifting


You had 5 spell levels left.
You didn't know any spells.
Your spell library was empty.

Dungeon Overview and Level Annotations

Branches:
Dungeon (4/15)
 Temple: D:4-7

Altars:

Shops:
D:4 [

Annotations:
D:4 Robin


Innate Abilities, Weirdness & Mutations

You are a hulking beast.
Your limbs bulge with bestial killing power. (Slay +3)
You cannot wear most types of armour.
You are amphibious.
You can wear up to eight rings at the same time.
Your skin changes colour to match your surroundings (Stealth+).
Your rubbery body absorbs attacks. (AC +1, EV +1)
((You are camouflaged when in or above water. (Stealth+)))
You have tentacles for arms and can constrict up to eight enemies at once.


Message History

Beogh smites you! The goblin hits you with a +0 club.
The orc priest shouts!
You tentacle-slap the goblin. Your grab misses the goblin.
The goblin is severely wounded.
The orc priest begins to cast a cantrip, but forgets the words!
The goblin barely misses you.
Okay, then.
Okay, then.
It was a potion of cancellation.
You feel magically purged.
The orc wizard gestures wildly while chanting.
The orc wizard flickers and vanishes!
Deactivating autopickup; reactivate with Ctrl-A.
The orc hits you with a +1 dagger of speed.
The goblin hits you with a +0 club.
You tentacle-slap the goblin.
You kill the goblin!
The orc misses you.
You tentacle-slap the orc. Your grab misses the orc.
The orc is heavily wounded.
The orc priest mumbles some strange prayers to Beogh against you.
Beogh smites you! The orc barely misses you.
You bludgeon the orc priest! You grab the orc priest.
The orc priest is heavily wounded.
You constrict the orc priest.
The orc priest looks satisfied for a moment.
You tentacle-slap the orc priest.
You kill the orc priest!
The orc closely misses you.
The orc hits you with a +1 dagger of speed.
* * * LOW HITPOINT WARNING * * *
You closely miss the orc priest. Your grab misses the orc priest.
The orc priest misses you. Something hits you.
* * * LOW HITPOINT WARNING * * *
The orc hits you with a +1 dagger of speed.
* * * LOW HITPOINT WARNING * * *
You tentacle-slap the orc priest. Your grab misses the orc priest.
The orc priest is moderately wounded.
The orc priest invokes the aid of Beogh against you.
Beogh smites you!
You die...

#..........#........#
#....#..####.........
#.......# #.........
#....#.### #.........
##........#
#.........
#.......#.#
#.........
#...#...#.###
#...#........
#####ho......
#o....... #o.......
#........ #........
#........ #.......<
.........


You could see 2 orc priests and an orc.

Vanquished Creatures
  Eustachio (D:4)
  An orc priest (D:3)
  Natasha (thrice) (D:2)
  2 adders
  2 dart slugs (D:1)
  An orc (D:3)
  5 ball pythons
  3 bats
  10 endoplasms
  3 giant cockroaches (D:1)
  11 goblins
  5 hobgoblins
  2 quokkas
  A frilled lizard (D:1)
  3 kobolds
  8 rats
61 creatures vanquished.

Vanquished Creatures (others)
  A kobold (D:4)
1 creature vanquished.

Grand Total: 62 creatures vanquished

Notes
Turn   | Place    | Note
-------+----------+-------------------------------------------
     0 | D:1      | Ethylacetat the Octopode Shapeshifter began the quest for
                  | the Orb.
     0 | D:1      | Reached XP level 1. HP: 13/13 MP: 1/1
   154 | D:1      | Reached XP level 2. HP: 14/18 MP: 2/2
   911 | D:1      | Reached XP level 3. HP: 23/23 MP: 3/3
  1280 | D:2      | You fall into a shaft and drop 2 floors!
  1280 | D:4      | Found Zaigeq's Antique Armour Shoppe.
  1282 | D:4      | Noticed Eustachio
  1323 | D:4      | HP: 1/36 [Eustachio/+0 falchion (2)]
  1324 | D:4      | Killed Eustachio
  1325 | D:4      | Reached XP level 4. HP: 2/30 MP: 4/4
  1325 | D:4      | Reached XP level 5. HP: 2/35 MP: 5/5
  1533 | D:4      | Noticed Robin
  1568 | D:3      | Identified the orb of the Wasteland {*channel, Fly rN+++}
  1616 | D:3      | Reached XP level 6. HP: 37/41 MP: 6/6
  1664 | D:2      | Noticed Natasha
  1671 | D:2      | Killed Natasha
  1861 | D:2      | Noticed Natasha
  1868 | D:2      | Killed Natasha
  1872 | D:2      | Noticed Natasha
  1882 | D:2      | Killed Natasha
  2061 | D:3      | Killed from afar by an orc priest

Illustrated notes

Levels and vault maps discovered:
D:1:      saegor_arrival_fortress, layout_loops_corners
D:2:      layout_rooms, uniq_natasha
D:3:      layout_basic, minmay_goblin_kobold_house
D:4:      layout_rooms, elyvilon_altar_4, serial_shops, shop, uniq_robin,
          uniq_eustachio

Skill      XL: |  1  2  3  4  5  6 |
---------------+-------------------+-----
Fighting       | 2 3 |  3.2
Unarmed Combat | 4 |  4.3
Shapeshifting  | 4 |  4.8
Dodging        | |  2.0

Action                     |  1- 3 |  4- 6 || total
---------------------------+-------+-------++-------
  Melee: Unarmed           |    94 |    49 ||   143
         Constrict         |    10 |    12 ||    22
         Tentacles         |    10 |     6 ||    16
         Punch             |     1 |     1 ||     2
    Use: Potion            |     1 |     1 ||     2
   Stab: Sleeping          |     9 |     1 ||    10
 Armour: Skin              |    98 |     1 ||    99
  Dodge: Dodged            |    52 |    31 ||    83

Table legend: (Time is in decaauts)
 A = Elapsed time spent in this place.
 B = Non-inter-level travel time spent in this place.
 C = Inter-level travel time spent in this place.
 D = Time resting spent in this place.
 E = Time spent auto-exploring this place.
 F = Levels seen in this place.
 G = Mean time per level.
                   A        B        C        D        E       F      G
               +--------+--------+--------+--------+--------+-----+--------+
         Total |   2051 |   1953 |     98 |    146 |   1453 |   4 |  512.8 |
       Dungeon |   2051 |   1953 |     98 |    146 |   1453 |   4 |  512.8 |
               +--------+--------+--------+--------+--------+-----+--------+

Top non-repeatable levels by time:
     D:1: 1101 daAuts
     D:2: 440 daAuts
     D:4: 255 daAuts
     D:3: 254 daAuts
